 Dungeon Crawl Stone Soup version 0.31.0-32-g396128a36d (webtiles) character file.

Game seed: 3991156032166821547

20133 chippings the Toxicologist (level 12, 0/71 (101) HPs)
             Began as a Green Draconian Wanderer on Mar 13, 2024.
             Was an Initiate of Gozag.
             Slain by a gargoyle
             ... wielding a +0 flail
              (7 damage)
             ... in a volcano.
             The game lasted 00:38:07 (10337 turns).

chippings the Toxicologist (DrWn)                  Turns: 10337, Time: 00:38:07

HP:   0/71 (101)    AC: 12    Str: 16    XL:     12   Next: 42%
MP:   13/31         EV: 11    Int: 21    God:    Gozag
Gold: 2225          SH:  0    Dex: 16    Spells: 4/24 levels left

rFire   + . .        p - +8 falchion "Onuck" {protect, Int+3 Dex+3 SInv}
rCold   . . .        (no shield)
rNeg    . . .        (body armour unavailable)
rPois   +            (helmet restricted)
rElec   .            i - +2 cloak
rCorr   .            x - +0 pair of gloves
SInv    +            (no boots)
Will    +....        P - amulet of magic regeneration
Stlth   +++          b - ring of magical power
HPRegen 0.31/turn    J - ring of protection from fire
MPRegen 0.62/turn

%: no passive effects
@: gold aura, very slightly contaminated, very heavily drained
A: breathe noxious fumes, AC +8, unfitting armour, poison resistance,
cold-blooded, antennae 1, agile 1, clever 1, strong-willed 1
a: Breathe Noxious Fumes, Renounce Religion, Potion Petition, Call Merchant,
Bribe Branch


You were in a volcano.
You worshipped Gozag.
Gozag was most pleased with you.
You visited 3 branches of the dungeon, and saw 13 of its levels.
You also visited: Volcano.

You collected 2351 gold pieces.
You spent 44 gold pieces at shops.
You paid 82 gold pieces to Gozag.

Inventory:

Hand Weapons
 e - a +4 great sword
 p - the +8 falchion "Onuck" (weapon) {protect, Int+3 Dex+3 SInv}
   (You found it on level 2 of the Dungeon)

   Int+3:     It affects your intelligence (+3).
   Dex+3:     It affects your dexterity (+3).
   SInv:      It lets you see invisible.
 y - a +0 quick blade of draining
 K - a +4 spectral great sword
Missiles
 r - 4 curare-tipped darts (quivered)
Armour
 i - a +2 cloak (worn)
 x - a +0 pair of gloves (worn)
Jewellery
 b - a ring of magical power (left hand)
 g - a ring of flight
 o - an amulet of reflection
 J - a ring of protection from fire (right hand)
 O - a ring of resist corrosion
 P - an amulet of magic regeneration (around neck)
Wands
 l - a wand of iceblast (13)
 D - a wand of flame (38)
 H - a wand of light (11)
 I - a wand of mindburst (19)
 M - a wand of paralysis (7)
 N - a wand of digging (8)
Scrolls
 a - a scroll of brand weapon
 h - 4 scrolls of teleportation
 j - a scroll of vulnerability {unknown}
 k - 2 scrolls of torment {unknown}
 n - 2 scrolls of identify
 s - 2 scrolls of enchant armour {unknown}
 u - 3 scrolls of noise
 w - 4 scrolls of amnesia {unknown}
 z - 3 scrolls of immolation {unknown}
 B - a scroll of fear
 E - 2 scrolls of revelation {unknown}
 G - a scroll of fog {unknown}
 L - a scroll of enchant weapon
 Q - a scroll of poison {unknown}
Potions
 c - a potion of enlightenment
 d - 7 potions of mutation
 f - a potion of lignification
 m - 2 potions of haste {unknown}
 t - 2 potions of curing
 v - a potion of brilliance
 A - a potion of attraction
 C - 2 potions of cancellation
 F - 3 potions of might
Miscellaneous
 q - a phial of floods


   Skills:
 - Level 8.0 Fighting
 - Level 2.0(5.3) Short Blades
 - Level 7.8(8.0) Long Blades
 - Level 4.3 Maces & Flails
 - Level 4.0 Stealth
 - Level 4.0 Shields
 + Level 6.6 Spellcasting
 + Level 6.9 Conjurations
 + Level 9.5 Necromancy
 - Level 4.0 Fire Magic
 + Level 10.6 Alchemy
 - Level 1.0 Evocations


You had 4 spell levels left.
You knew the following spells:

 Your Spells              Type           Power      Damage    Failure   Level
a - Kiss of Death         Conj/Necr      100%       2d13      1%          1
b - Cigotuvi's Dreadful   Necr/Alch/Air  70%        N/A       1%          2
c - Ignite Poison         Fire/Alch      37%        N/A       4%          4
d - Dispel Undead         Necr           47%        3d18      1%          4
e - Olgreb's Toxic Radia  Alch           51%        N/A       1%          4
f - Irradiate             Conj/Alch      22%        3d19      7%          5

Your spell library contained the following spells:

 Spells                   Type           Power      Damage    Failure   Level
 Magic Dart               Conj           100%       1d8       1%          1
 Sting                    Conj/Alch      100%       1d9       1%          1
 Mercury Vapours          Alch/Air       58%        N/A       1%          2
 Sublimation of Blood     Necr           47%        N/A       1%          2
 Shock                    Conj/Air       84%        1d8       2%          1
 Petrify                  Alch/Erth      29%        N/A       10%         4
 Blink                    Tloc           14%        N/A       14%         2
 Call Imp                 Summ           14%        N/A       14%         2
 Lesser Beckoning         Tloc           14%        N/A       14%         2
 Confusing Touch          Hex            7%         N/A       26%         3
 Gell's Gravitas          Tloc           7%         N/A       26%         3
 Ozocubu's Armour         Ice            7%         N/A       26%         3
 Swiftness                Air            7%         N/A       26%         3
 Teleport Other           Tloc           7%         N/A       26%         3
 Airstrike                Air            3%         2d(1-17)  65%         4
 Vhi's Electric Charge    Tloc/Air       14%        N/A       65%         4
 Arcjolt                  Conj/Air       10%        1d20      52%         5
 Freezing Cloud           Conj/Ice/Air   8%         6-21      69%         5
 Sculpt Simulacrum        Ice/Alch       14%        N/A       83%         6
 Metabolic Englaciation   Hex/Ice        3%         N/A       94%         5
 Dispersal                Tloc           3%         N/A       100%        6
 Haunt                    Necr/Summ      13%        N/A       100%        7
 Borgnjor's Revivificati  Necr           23%        N/A       100%        8
 Maxwell's Capacitive Co  Air            3%         ∞         100%        8
 Death's Door             Necr           23%        N/A       100%        9


Dungeon Overview and Level Annotations

Branches:
Dungeon (11/15)            Temple (1/1) D:6            Lair (0/5) D:11
    Orc (1/2) D:10        Volcano (1/1)

Altars:
Ashenzari
Cheibriados
Dithmenos
Elyvilon
Fedhas
Gozag
Hepliaklqana
Kikubaaqudgha
Makhleb
Nemelex Xobeh
Okawaru
Qazlal
Ru
Trog
Uskayaw
Vehumet
Wu Jian
Yredelemnul
Zin
The Shining One

Shops:
D:2 *   D:4 *   D:6 ([=[(   D:10 (


Innate Abilities, Weirdness & Mutations

You can breathe blasts of noxious fumes.
Your lurid green scales are hard. (AC +8)
You cannot fit into any form of body armour.
Your system is resistant to poisons. (rPois)
You are cold-blooded and may be slowed by cold attacks.
You have a pair of small antennae on your head.
You are agile. (Dex +4, Str/Int -1)
Your mind is acute. (Int +4, Str/Dex -1)
You are strong-willed. (Will+)


Message History

Aim: a stone giant, quivering large rocks (severely wounded, poisoned, 100% to hit)
The negative energy hits the stone giant.
The stone giant is drained!
The stone giant is severely wounded.
You feel drained. The stone giant hits you!
* * * LOW HITPOINT WARNING * * *
Unknown command.
Casting: Kiss of Death (safe; 1% risk of failure)
Confirm with . or Enter, or press ? or * to list all spells.
Aiming: Kiss of Death (safe; 1% risk of failure)
Press: ? - help, Shift-Dir - straight line, f/p - stone giant
Aim: a stone giant, quivering large rocks (severely wounded, poisoned, lightly drained, 100% to hit)
The negative energy hits the stone giant!
The stone giant is drained!
The stone giant is almost dead.
You feel drained. The stone giant closely misses you.
Unknown command.
Casting: Kiss of Death (safe; 1% risk of failure)
Confirm with . or Enter, or press ? or * to list all spells.
Aiming: Kiss of Death (safe; 1% risk of failure)
Press: ? - help, Shift-Dir - straight line, f/p - stone giant
Aim: a stone giant, quivering large rocks (almost dead, poisoned, lightly drained, 100% to hit)
The negative energy hits the stone giant!
The stone giant is drained!
You kill the stone giant!
You feel drained.
Okay, then.
Casting: Kiss of Death (safe; 1% risk of failure)
Confirm with . or Enter, or press ? or * to list all spells.
You can't see any susceptible monsters within range! (Use Z to cast anyway.) Unknown command.
Casting: Kiss of Death (safe; 1% risk of failure)
Confirm with . or Enter, or press ? or * to list all spells.
You erupt in a fountain of uncontrolled magic!
The gargoyle is blasted with magical radiation!
The gargoyle is heavily damaged.
You are very lightly contaminated with residual magic.
The gargoyle hits you with a +0 flail!
You die...
Your body crumbles into a pile of gold.

#....≈§≈§≈§≈≈≈§≈§§..#
##...≈≈≈§≈§§§≈§§≈...#
###..≈≈≈≈≈≈§§≈§§..##
##...§≈≈≈≈......#
#...≈≈≈≈......##
##...≈≈..##...#
#......###8.8#
###...## ##.## #....#
#@# ###### #9# #E#
∩......E# ####....#
.E....# ._......+
#.......# ####....#


You could see 2 earth elementals and a gargoyle.

Vanquished Creatures
  An orc warlord (Orc:1)
  A stone giant (Volcano)
  Josephine (D:10)
  Snorg (D:10)
  An ogre mage (D:10)
  A two-headed ogre (D:11)
  A boulder beetle (D:11)
  3 death yaks (D:11)
  Urug (D:10)
  An arcanist (D:9)
  An orc knight (Orc:1)
  A kobold blastminer (Orc:1)
  Jeremiah (D:9)
  A troll (D:11)
  A hornet (shapeshifter) (D:10)
  A hornet (D:8)
  5 wraiths (D:10)
  A basilisk (D:10)
  10 yaks
  5 fire bats (Volcano)
  4 steam dragons
  15 vampire mosquitoes
  2 acid dragons
  17 orc warriors
  A black bear (D:8)
  A sky beast (D:6)
  3 ice beasts
  4 ogres
  A centaur (D:9)
  A kobold brigand (D:8)
  5 bullfrogs
  A gnoll sergeant (D:6)
  5 scorpions
  13 wights
  3 killer bees (D:8)
  4 electric eels (D:6)
  A howler monkey (D:10)
  A crimson imp (D:9)
  4 lava snakes (Volcano)
  A jelly (D:5)
  4 bombardier beetles
  A hound (D:6)
  6 orc priests
  12 orc wizards
  Natasha (twice) (D:2)
  2 iguanas
  5 gnolls
  6 adders
  2 river rats (D:11)
  3 shadow imps (D:7)
  5 white imps
  4 ufetubi
  A dart slug (D:4)
  45 orcs
  5 ball pythons
  8 endoplasms
  5 giant cockroaches
  9 goblins
  5 hobgoblins
  3 jackals (D:1)
  6 quokkas
  3 bats
  3 frilled lizards
  8 kobolds
  6 rats
285 creatures vanquished.

Vanquished Creatures (others)
  An adder (D:6)
1 creature vanquished.

Grand Total: 286 creatures vanquished

Notes
Turn   | Place    | Note
-------+----------+-------------------------------------------
     0 | D:1      | chippings the Draconian Wanderer began the quest for the
                  | Orb.
     0 | D:1      | chippings set off with the following items: a +3 mace, a +0
                  | short sword, a scroll of blinking.
     0 | D:1      | Reached XP level 1. HP: 16/16 MP: 1/1
   349 | D:1      | Reached XP level 2. HP: 21/23 MP: 2/2
   482 | D:1      | Reached skill level 1 in Necromancy
   584 | D:1      | Reached XP level 3. HP: 25/29 MP: 4/4
   799 | D:2      | Reached skill level 1 in Spellcasting
   848 | D:2      | Learned a level 1 spell: Kiss of Death
   859 | D:2      | Identified the +8 falchion "Onuck" {protect, Int+3 Dex+3
                  | SInv}
   969 | D:2      | Found Dexatugh's General Store.
  1000 | D:2      | Bought a potion of curing for 33 gold pieces
  1000 | D:2      | Bought a scroll of noise for 11 gold pieces
  1067 | D:2      | Noticed Natasha
  1080 | D:2      | Killed Natasha
  1081 | D:2      | Reached XP level 4. HP: 36/36 MP: 5/5
  1170 | D:2      | Learned a level 2 spell: Cigotuvi's Dreadful Rot
  1236 | D:2      | Noticed Natasha
  1243 | D:2      | Killed Natasha
  1244 | D:2      | Reached skill level 1 in Long Blades
  1244 | D:2      | Reached skill level 1 in Conjurations
  1580 | D:3      | Reached XP level 5. HP: 42/42 MP: 7/7
  1979 | D:4      | Found a sparkling altar of Nemelex Xobeh.
  2016 | D:4      | Reached skill level 1 in Shields
  2080 | D:4      | Reached XP level 6. HP: 51/51 MP: 9/9
  2108 | D:4      | Found Kary's Elemental Accessories.
  2620 | D:5      | Entered Level 5 of the Dungeon
  2994 | D:5      | Your scales start taking on a lurid green colour.
  2994 | D:5      | Reached XP level 7. HP: 58/58 MP: 10/10
  2994 | D:5      | Gained mutation: Your system is resistant to poisons.
                  | (rPois) [Green Draconian growth]
  3210 | D:6      | Reached skill level 1 in Alchemy
  3271 | D:6      | Found Paobbasa's Weapon Emporium.
  3307 | D:6      | Reached skill level 2 in Alchemy
  3324 | D:6      | Learned a level 4 spell: Ignite Poison
  3351 | D:6      | Reached XP level 8. HP: 62/67 MP: 12/12
  3491 | D:6      | Found Lidarux's Weapon Shoppe.
  3565 | D:6      | Found Jemmomeh's Jewellery Shop.
  3580 | D:6      | Found a staircase to the Ecumenical Temple.
  3586 | Temple   | Entered the Ecumenical Temple
  3591 | Temple   | Became a worshipper of Gozag Ym Sagoz the Greedy
  3631 | D:6      | Reached skill level 1 in Fire Magic
  3707 | D:6      | Found a broken altar of Ashenzari.
  3805 | D:6      | Found Veishead's Armour Boutique.
  3857 | D:6      | Found Gemep's Antique Armour Shoppe.
  3871 | D:6      | Reached skill level 3 in Alchemy
  3980 | D:6      | Learned a level 4 spell: Dispel Undead
  4178 | D:6      | Reached skill level 5 in Fighting
  4580 | D:6      | Reached XP level 9. HP: 54/68 MP: 15/15
  4756 | D:7      | Learned a level 4 spell: Olgreb's Toxic Radiance
  5026 | D:8      | Reached skill level 4 in Alchemy
  5770 | D:8      | Found a radiant altar of Vehumet.
  5919 | D:8      | Reached skill level 5 in Necromancy
  5927 | D:8      | Reached skill level 5 in Long Blades
  5927 | D:8      | Reached skill level 5 in Alchemy
  6060 | D:8      | Found an ancient bone altar of Kikubaaqudgha.
  6247 | D:8      | Reached XP level 10. HP: 67/84 MP: 16/16
  6404 | D:8      | Identified the +3 ring mail of Xom's Envy {rCorr}
  6656 | D:9      | Reached skill level 6 in Alchemy
  6925 | D:9      | Noticed an arcanist
  6936 | D:9      | Killed an arcanist
  7041 | D:9      | Noticed Jeremiah
  7053 | D:9      | Killed Jeremiah
  7057 | D:9      | Identified the +4 quarterstaff "Ehaumotege" {venom, Str+3}
  7168 | D:9      | Found a bloodstained altar of Trog.
  7535 | D:10     | Entered Level 10 of the Dungeon
  7548 | D:10     | Noticed Urug
  7564 | D:10     | Killed Urug
  7565 | D:10     | Reached skill level 7 in Alchemy
  7651 | D:10     | Noticed Snorg
  7698 | D:10     | Killed Snorg
  7816 | D:10     | Noticed Josephine
  7831 | D:10     | Gained mutation: Your mind is acute. (Int +4, Str/Dex -1)
                  | [potion of mutation]
  7831 | D:10     | Gained mutation: You have a pair of small antennae on your
                  | head. [potion of mutation]
  7831 | D:10     | Gained mutation: You are strong-willed. (Will+) [potion of
                  | mutation]
  7831 | D:10     | Gained mutation: You are agile. (Dex +4, Str/Int -1)
                  | [potion of mutation]
  7832 | D:10     | Killed Josephine
  7833 | D:10     | Reached XP level 11. HP: 22/94 MP: 1/17
  8078 | D:10     | Reached skill level 8 in Alchemy
  8204 | D:10     | Found a staircase to the Orcish Mines.
  8204 | D:10     | Found Huydd's Weapon Shop.
  8429 | D:10     | Noticed an ogre mage
  8433 | D:10     | Killed an ogre mage
  8833 | D:11     | Noticed a two-headed ogre
  8836 | D:11     | Killed a two-headed ogre
  8985 | D:11     | Reached skill level 5 in Conjurations
  8985 | D:11     | Reached skill level 9 in Alchemy
  9031 | D:11     | Noticed a death yak
  9035 | D:11     | Noticed a death yak
  9036 | D:11     | Noticed a death yak
  9043 | D:11     | Killed a death yak
  9044 | D:11     | Reached skill level 5 in Spellcasting
  9049 | D:11     | Killed a death yak
  9065 | D:11     | Killed a death yak
  9080 | D:11     | Found a staircase to the Lair.
  9347 | D:11     | Noticed a boulder beetle
  9361 | D:11     | Killed a boulder beetle
  9362 | D:11     | Reached XP level 12. HP: 85/101 MP: 20/20
  9654 | Orc:1    | Entered Level 1 of the Orcish Mines
  9710 | Orc:1    | Learned a level 5 spell: Irradiate
  9874 | Orc:1    | Noticed an orc warlord
  9884 | Orc:1    | Reached skill level 10 in Alchemy
  9893 | Orc:1    | Killed an orc warlord
 10072 | Orc:1    | Found a dark tunnel.
 10114 | Volcano  | Entered a volcano
 10326 | Volcano  | Noticed a stone giant
 10328 | Volcano  | Found a radiant altar of Vehumet.
 10336 | Volcano  | Killed a stone giant
 10337 | Volcano  | Slain by a gargoyle

Illustrated notes

Levels and vault maps discovered:
D:1:      dpeg_arrival_castle, layout_rooms, dreamdust_princess_bridge
D:2:      layout_rooms, serial_shops, nicolae_shop_tiny_waterfront, uniq_natasha
D:3:      layout_loops_ring, minmay_misc_feat_secret_circle
D:4:      layout_gridville, nemelex_dance_club_becter, nicolae_elemental_shop
D:5:      layout_basic
D:6:      layout_basic, ashenzari_altar_1, minmay_temple_entry_metal_lava,
          serial_shops, nicolae_shop_bloodbath_and_beyond, shop,
          nicolae_shop_statue_plus, nicolae_shop_hallway_plus, shop,
          serial_bayou, serial_bayou_pond_a, serial_bayou_lagoon_b,
          serial_bayou_crossing, serial_bayou_shore_b,
          minmay_misc_feat_nine_boxes, chequers_serial_rivers_large_a
D:7:      layout_cave_pools, minivault_23
D:8:      layout_loops_ring, lemuel_doored_altar, vehumet_altar_wand_db,
          minmay_joined_circles
D:9:      layout_roguey, lightli_temple_of_fire, minivault_19,
          lightli_wizard_tower, uniq_jeremiah
D:10:     layout_cave_pools, nicolae_overflow_hidden_temple, orc_david_3,
          minmay_diamond_spiral, uniq_snorg, uniq_josephine, uniq_urug
D:11:     layout_roguey, dpeg_lair_monsters
Temple:   minmay_freezing_vapour_temple
Orc:1:    orc_temple, layout_diamond_mine, nicolae_volcano_entry_s_turn,
          uniq_jorgrun, uniq_erica
Volcano:  volcano_grotto [vgs_statue_spotlight]

Skill      XL: |  1  2  3  4  5  6  7  8  9 10 11 12 |
---------------+-------------------------------------+-----
Fighting       | 2 3 4 5 6 8 |  8.0
Necromancy     | 1 2 3 4 5 7 8 9 |  9.5
Spellcasting   | 1 2 3 4 5 6 |  6.6
Long Blades    | 1 2 3 4 5 7 |  7.8
Conjurations   | 1 2 3 4 5 6 |  6.9
Shields        | 1 2 3 4 |  4.0
Alchemy        | 2 3 5 7 9 10 | 10.6
Fire Magic     | 2 3 4 |  4.0
Stealth        | 3 4 |  4.0
Short Blades   | |  2.0
Maces & Flails | |  4.3
Evocations     | |  1.0

Action                     |  1- 3 |  4- 6 |  7- 9 | 10-12 || total
---------------------------+-------+-------+-------+-------++-------
  Melee: Mace              |    40 |       |       |       ||    40
         Punch             |     1 |       |       |     1 ||     2
         Falchion          |    13 |   112 |   284 |   196 ||   605
         Tailslap          |     1 |    14 |    40 |    30 ||    85
   Cast: Kiss of Death     |       |       |     1 |     4 ||     5
         Dispel Undead     |       |       |     4 |    23 ||    27
         Ignite Poison     |       |       |       |    35 ||    35
         Olgreb's Toxic Ra |       |       |       |    37 ||    37
         Irradiate         |       |       |       |     1 ||     1
Ability: Begin Untransform |     1 |       |       |       ||     1
         Breathe Noxious F |       |       |    14 |    16 ||    30
  Evoke: Wand              |       |       |     4 |       ||     4
    Use: Scroll            |     1 |       |       |    14 ||    15
         Potion            |       |       |       |     3 ||     3
   Stab: Sleeping          |     3 |     5 |     2 |     2 ||    12
         Confused          |       |       |    10 |     3 ||    13
         Distracted        |       |       |     2 |     3 ||     5
 Armour: Skin              |    43 |    75 |   226 |   168 ||   512
  Dodge: Dodged            |    34 |    51 |   168 |   118 ||   371
  Block: Buckler           |     4 |    21 |    73 |    15 ||   113
   Form: Beast             |     1 |       |       |       ||     1
